Map: Romanticide LE

Players

Arctur

  • Race: Terran Terran
  • Spawn Location: 11:00

AqueroN - Winner!

  • Race: Terran Terran
  • League: Grandmaster
  • Spawn Location: 5:00

Event: DreamHack SC2 Masters 2020 Winter

VOD

Have the link to the VOD?

Description

Time

  • Played on: Oct. 16, 2020, 2:19 p.m.
  • Length: 20:40

All games in this series

Show
View Real Time Build Order
Export as new Build Order

Arctur Terran 

Build Orders:  

Get SALT Encoding   

  12  0:00  SCV  
  13  0:12  SCV  
  14  0:17  Supply Depot  
  14  0:24  SCV  
  15  0:38  SCV  
  15  0:39  Barracks  
  16  0:43  Refinery  
  16  0:51  SCV  
  16  0:53  Refinery  
  17  1:03  SCV  
  18  1:15  SCV  
  19  1:26  Reaper  
  19  1:27  Orbital Command  
  19  1:29  Supply Depot  
  20  1:41  Factory  
  20  1:53  SCV  
  21  1:58  Reaper  
  22  2:05  SCV  
  23  2:19  SCV  
  24  2:26  Hellion  
  26  2:31  Command Center  
  26  2:32  Reaper  
  26  2:34  SCV  
  28  2:37  Supply Depot  
  28  2:45  Starport  
  28  2:48  SCV  
  29  2:53  Hellion  
  31  3:00  SCV  
  32  3:09  Barracks Reactor  
  33  3:12  SCV  
  33  3:17  Factory Tech Lab  
  33  3:22  Refinery  
  33  3:28  Starport Tech Lab  
  33  3:30  SCV  
  34  3:42  SCV  
  34  3:43  Orbital Command  
  34  3:44  Cyclone  
  34  3:46  Marine x2  
  40  3:55  Raven  
  42  4:05  SCV  
  42  4:08  Command Center  
  42  4:09  Marine  
  43  4:12  SCV  
  45  4:18  Siege Tank  
  45  4:20  SCV  
  50  4:24  SCV  
  50  4:28  Supply Depot  
  52  4:34  SCV  
  52  4:36  SCV  
  54  4:40  Raven  
  54  4:44  Supply Depot  
  54  4:49  Marine x2  
  54  4:50  Supply Depot  
  54  4:51  Siege Tank  
  59  4:53  SCV  
  59  4:54  SCV  
  61  5:05  SCV  
  62  5:07  Marine x2  
  62  5:09  SCV  
  62  5:14  Supply Depot x2  
  65  5:17  SCV  
  66  5:21  SCV  
  66  5:25  Raven  
  66  5:26  Orbital Command, Marine x2  
  71  5:31  Siege Tank  
  74  5:38  SCV x2  
  76  5:44  Barracks  
  76  5:45  Barracks  
  76  5:48  Refinery  
  76  5:49  Marine  
  77  5:50  SCV x2, Marine  
  77  5:52  SCV  
  79  6:09  Siege Tank  
  79  6:11  SCV x2  
  84  6:13  Engineering Bay, Orbital Command  
  84  6:15  Engineering Bay  
  84  6:21  Viking x2, Stimpack  
  84  6:22  Marine  
  84  6:25  SCV x2  
  91  6:27  Supply Depot  
  91  6:35  Barracks Reactor x2  
  91  6:37  SCV x2  
  91  6:39  SCV  
  94  6:43  Supply Depot  
  94  6:49  SCV  
  94  6:51  Viking x2  
  94  6:52  Marine  
  100  6:54  SCV, Terran Infantry Armor Level 1  
  101  7:04  SCV x2  
  101  7:08  SCV  
  104  7:10  Marine  
  104  7:12  Marine x2  
  104  7:13  Marine x2  
  104  7:14  Barracks  
  104  7:15  Barracks  
  109  7:16  SCV x2  
  109  7:17  Supply Depot  
  109  7:20  SCV  
  109  7:21  Viking  
  114  7:25  Viking  
  114  7:28  SCV x2, Marine  
  119  7:34  SCV  
  117  7:37  Armory  
  117  7:40  SCV x2  
  114  7:46  SCV  
  114  7:48  Refinery  
  114  7:51  Viking  
  117  7:52  SCV x2  
  117  7:53  Siege Tank  
  117  7:55  Viking  
  117  7:57  Refinery, Marine x3  
  127  7:58  Marine  
  127  8:01  Combat Shield  
  127  8:02  SCV  
  127  8:04  SCV  
  127  8:05  SCV  
  131  8:16  Barracks Reactor x2, Marine x2  
  133  8:20  Command Center  
  133  8:22  Supply Depot  
  133  8:23  Supply Depot  
  133  8:25  Supply Depot  
  125  8:36  Marine x2  
  125  8:37  Medivac x2, Marine x2, Siege Tank  
  125  8:38  Marine  
  125  8:39  SCV  
  136  8:42  SCV x2  
  138  8:54  Marine x4  
  142  8:56  Marine  
  142  8:59  Terran Infantry Weapons Level 1, Terran Infantry Armor Level 2  
  142  9:00  Terran Vehicle And Ship Armor Level 1, Marine x4  
  146  9:12  Marine x4  
  146  9:14  Marine  
  146  9:16  Medivac  
  153  9:18  Marine x4  
  153  9:20  Medivac  
  151  9:30  Marine x4  
  146  9:32  Marine  
  146  9:36  Marine x4  
  146  9:37  Planetary Fortress  
  151  9:48  Marine x4  
  151  9:49  Marine  
  151  9:50  Medivac x2  
  158  9:54  Marine x4  
  158  9:57  Siege Tank  
  163  10:04  Missile Turret  
  163  10:05  Marine x2  
  163  10:06  Marine x2  
  165  10:07  Marine  
  165  10:12  Marine x4  
  159  10:20  SCV, Medivac x2  
  159  10:21  SCV x2  
  162  10:23  Refinery, Marine x4  
  163  10:29  Marine x3  
  163  10:36  Missile Turret  
  163  10:37  Siege Tank  
  163  10:38  Missile Turret x2  
  163  10:42  Factory  
  165  10:44  Starport  
  165  10:47  Barracks Reactor, Marine x4  
  169  10:53  Sensor Tower  
  169  11:01  Medivac x2  
  163  11:06  Marine x4  
  163  11:09  Siege Tank  
  154  11:11  Marine x4  
  157  11:19  Refinery  
  157  11:24  Marine x4  
  157  11:31  Starport Reactor, Siege Tank  
  157  11:32  Marine x4  
  161  11:36  Marine x2  
  163  11:41  Siege Tank  
  163  11:42  Marine x4  
  170  11:51  Marine x2  
  170  11:54  Viking x2  
  170  12:00  Supply Depot, Starport  
  170  12:02  Supply Depot  
  170  12:03  Siege Tank  
  170  12:08  Terran Infantry Weapons Level 2  
  173  12:22  Siege Tank  
  162  12:25  Viking x2  
  145  12:55  Marine x9, Siege Tank  
  145  12:56  Marine  
  148  12:59  Viking x2  
  148  13:00  Viking x2  
  148  13:04  Terran Infantry Armor Level 3  
  148  13:05  Terran Vehicle And Ship Armor Level 2  
  156  13:13  Marine x3  
  159  13:25  Command Center  
  159  13:27  Siege Tank  
  159  13:29  Viking x2  
  159  13:30  Viking  
  159  13:32  Viking  
  159  13:34  Starport Reactor  
  170  13:36  Siege Tank  
  170  13:38  Fusion Core  
  173  13:46  Marine x2  
  173  13:59  Siege Tank  
  169  14:06  Liberator x4  
  169  14:07  Starport Reactor  
  171  14:14  Siege Tank  
  171  14:15  Marine x6  
  180  14:17  Marine x2  
  180  14:19  Supply Depot, Marine x2  
  180  14:20  Supply Depot  
  184  14:29  Orbital Command  
  184  14:30  Advanced Ballistics  
  184  14:32  Marine, Siege Tank  
  184  14:36  Marine x3  
  172  15:01  SCV  
  172  15:04  Command Center  
  164  15:08  Marine x2, Siege Tank  
  164  15:09  Siege Tank  
  164  15:10  Orbital Command, Marine x4  
  165  15:23  SCV x2  
  165  15:24  SCV  
  168  15:39  Liberator x2  
  168  15:40  Viking x3, Siege Tank  
  182  16:01  Viking  
  182  16:03  Marine x2, Siege Tank  
  187  16:10  Viking, Orbital Command  
  189  16:17  Command Center  
  171  16:28  Marine x2  
  171  16:29  Marine x2  
  167  16:37  Viking x2  
  167  16:38  Liberator  
  165  16:44  Refinery  
  165  16:46  Refinery  
  165  16:52  Missile Turret x2  
  165  16:58  Sensor Tower  
  165  17:09  Viking  
  162  17:26  Marine x2  
  162  17:27  Marine x4  
  168  17:35  Marine x4  
  168  17:36  Siege Tank  
  175  17:46  Viking  
  175  17:47  Liberator x2  
  172  18:02  Siege Tank  
  159  18:26  Viking  
  154  18:30  Viking, Marine x2  
  156  18:38  Marine x8  
  156  18:39  SCV x2  
  156  18:41  SCV x2  
  165  18:43  Refinery  
  165  18:44  Planetary Fortress  
  165  18:45  Refinery  
  165  18:47  Refinery  
  166  18:50  Marine  
  166  18:54  Command Center  
  165  18:56  Marine x3  
  163  19:21  Viking x2  
  163  19:23  Viking  
  161  19:30  Marine x2  
  161  19:31  Marine x7  
  153  19:32  Marine  
  155  19:42  Viking  
  154  19:48  Marine x2  
  154  19:52  Viking  
  158  19:53  SCV  
  158  19:54  SCV x3  
  162  20:04  Viking  
  162  20:05  SCV  
  163  20:12  Marine x3  
  141  20:20  Marine x2  
Show
View Real Time Build Order
Export as new Build Order

AqueroN Terran - Winner!

Build Orders:  

Get SALT Encoding   

  12  0:00  SCV  
  13  0:12  SCV  
  14  0:18  Supply Depot  
  14  0:24  SCV  
  15  0:29  Refinery  
  15  0:39  SCV  
  16  0:43  Barracks  
  16  0:51  SCV  
  16  0:55  Refinery  
  17  1:03  SCV  
  18  1:15  SCV  
  19  1:30  Reaper, Orbital Command  
  20  1:36  Factory  
  20  1:49  Supply Depot  
  20  1:56  SCV  
  21  2:02  Reaper  
  22  2:08  SCV  
  23  2:20  SCV  
  24  2:28  Command Center  
  24  2:31  Hellion  
  24  2:35  SCV  
  24  2:36  Reaper  
  28  2:41  Supply Depot  
  28  2:48  SCV  
  29  2:52  Hellion  
  31  3:00  Starport  
  31  3:03  SCV  
  32  3:08  Barracks Reactor  
  32  3:15  SCV, Factory Tech Lab  
  33  3:27  SCV  
  34  3:34  Cyclone  
  34  3:36  Refinery  
  34  3:38  Starport Tech Lab  
  34  3:39  SCV  
  34  3:40  Orbital Command  
  38  3:44  Marine x2  
  40  3:51  SCV  
  41  4:02  Raven, Marine x2  
  45  4:03  SCV  
  45  4:07  SCV  
  47  4:12  Siege Tank  
  47  4:16  SCV  
  51  4:19  SCV  
  51  4:20  Marine x2  
  54  4:28  Supply Depot  
  54  4:31  Supply Depot  
  54  4:45  Command Center  
  54  4:49  Raven  
  54  4:50  SCV x2  
  54  4:52  Siege Tank  
  61  4:54  Marine x2  
  61  4:58  Supply Depot  
  63  5:02  SCV x2  
  63  5:06  Supply Depot  
  65  5:13  Marine x2  
  67  5:14  SCV x2  
  67  5:17  Supply Depot  
  68  5:26  SCV x2  
  68  5:27  Siege Tank  
  73  5:38  SCV x2  
  73  5:41  Viking x2  
  79  5:50  SCV x2, Supply Depot  
  81  5:59  Orbital Command  
  81  6:00  Siege Tank  
  81  6:02  SCV  
  81  6:03  SCV  
  86  6:11  Viking x2  
  89  6:14  SCV  
  89  6:15  SCV  
  91  6:22  Orbital Command  
  91  6:24  Barracks  
  91  6:25  Barracks  
  91  6:27  SCV x2  
  91  6:32  Siege Tank  
  96  6:39  SCV x2  
  98  6:46  Viking x2  
  102  6:51  SCV x2  
  104  6:58  SCV  
  102  7:03  SCV  
  102  7:04  SCV  
  104  7:10  SCV, Siege Tank  
  104  7:14  Barracks x2  
  104  7:15  Barracks Reactor x2, Engineering Bay, Stimpack  
  108  7:16  SCV x2, Engineering Bay  
  108  7:19  Supply Depot  
  108  7:20  Supply Depot, Refinery  
  108  7:21  Supply Depot  
  108  7:22  SCV, Supply Depot  
  111  7:24  Refinery  
  111  7:28  SCV x2  
  113  7:35  SCV  
  114  7:40  SCV x2  
  114  7:43  Viking  
  114  7:44  Viking  
  117  7:46  Marine  
  117  7:47  SCV  
  117  7:48  Siege Tank  
  118  7:52  SCV x2  
  118  7:56  Marine x4  
  124  8:05  SCV x2  
  126  8:08  SCV  
  126  8:11  Marine  
  127  8:13  Barracks Reactor x2, Marine  
  127  8:14  Marine x2  
  127  8:17  SCV x2, Refinery  
  127  8:18  Supply Depot x2, Terran Infantry Weapons Level 1, Terran Infantry Armor Level 1  
  132  8:20  SCV  
  132  8:22  Command Center  
  132  8:26  Siege Tank  
  136  8:29  SCV  
  132  8:38  Marine  
  132  8:39  Marine x4  
  132  8:41  Medivac x2  
  139  8:43  SCV x3  
  142  8:53  Marine x3  
  142  8:54  Marine  
  147  8:55  SCV x2  
  147  8:56  SCV, Marine  
  147  8:58  Siege Tank  
  147  9:01  Marine x4  
  157  9:06  Supply Depot x2  
  157  9:10  Combat Shield  
  157  9:11  Marine x4  
  157  9:14  Marine  
  162  9:18  Marine  
  162  9:21  Marine x2  
  165  9:26  Marine  
  162  9:32  Siege Tank  
  162  9:36  Supply Depot x2  
  162  9:37  Armory, Marine x2  
  162  9:38  Marine x3  
  169  9:40  Factory  
  169  9:42  Marine x3  
  173  9:48  Marine  
  174  9:54  Marine  
  174  9:55  Marine  
  174  9:56  Marine x3  
  179  10:00  Marine  
  179  10:01  Medivac x2  
  179  10:04  Siege Tank  
  179  10:07  Marine x3  
  186  10:14  Marine x3  
  186  10:17  Marine x2  
  186  10:18  Marine  
  189  10:21  Barracks  
  189  10:22  Barracks  
  189  10:25  Barracks  
  189  10:26  Marine  
  189  10:27  Marine  
  182  10:28  Marine  
  182  10:31  Medivac x2  
  182  10:32  Marine x3  
  182  10:34  Factory Tech Lab  
  190  10:36  Marine x2, Siege Tank  
  190  10:37  Marine  
  190  10:38  Terran Infantry Armor Level 2, Terran Infantry Weapons Level 2  
  196  10:46  Command Center  
  196  10:47  Marine  
  197  10:52  Terran Vehicle Weapons Level 1  
  197  10:55  Marine x3  
  200  11:02  Marine  
  197  11:08  Marine x4  
  197  11:10  Barracks Reactor  
  185  11:11  Barracks Reactor  
  185  11:12  Siege Tank x2  
  185  11:18  Marine x4  
  194  11:19  Medivac x2  
  198  11:29  Marine x3  
  199  11:42  Marine  
  200  11:49  Marine x3  
  200  11:52  Siege Tank x2  
  200  11:53  Marine x4  
  196  12:06  Command Center  
  196  12:08  Sensor Tower  
  196  12:10  Marine  
  196  12:11  Marine x2  
  196  12:12  Refinery  
  196  12:13  Sensor Tower  
  199  12:16  Refinery  
  187  12:24  Siege Tank  
  190  12:33  Marine x2  
  190  12:34  Siege Tank  
  190  12:35  Marine  
  190  12:36  Marine x2  
  195  12:37  Marine x5  
  195  12:38  Marine x2  
  191  12:54  Planetary Fortress  
  191  12:56  Medivac x2  
  193  12:59  Terran Infantry Weapons Level 3, Terran Vehicle Weapons Level 2, Terran Infantry Armor Level 3  
  193  13:06  Refinery  
  193  13:12  Siege Tank x2  
  199  13:13  Marine  
  199  13:18  Missile Turret  
  199  13:19  Missile Turret  
  200  13:25  Marine x2  
  198  13:46  Command Center  
  192  13:59  Viking x2  
  192  14:02  Marine x2  
  184  14:03  Marine x4  
  190  14:23  Marine x3  
  190  14:24  Marine x4  
  193  14:28  Starport x2  
  193  14:40  Siege Tank  
  193  14:41  Siege Tank  
  196  15:01  Marine x4  
  196  15:02  Marine x6  
  196  15:03  Viking  
  198  15:11  Viking  
  200  15:16  Terran Vehicle And Ship Armor Level 1  
  200  15:17  Armory  
  200  15:18  Starport Reactor x2  
  200  15:19  Planetary Fortress  
  194  15:31  Orbital Command  
  194  15:47  Viking x2  
  198  16:03  Command Center  
  198  16:04  Refinery  
  197  16:11  Viking x3  
  200  16:13  Fusion Core  
  200  16:14  Terran Ship Weapons Level 1  
  200  16:20  Command Center x2  
  192  16:27  Siege Tank x2  
  192  16:28  Viking x2  
  193  16:37  Refinery  
  193  16:40  Viking  
  193  16:41  Viking  
  197  17:06  Viking  
  199  17:11  Viking  
  199  17:12  Viking  
  193  17:20  Viking x2  
  191  17:22  Viking  
  191  17:23  Siege Tank  
  191  17:24  Siege Tank  
  196  17:30  Orbital Command  
  196  17:36  Viking  
  198  17:41  Viking  
  200  17:46  Viking  
  200  17:50  Viking  
  194  17:54  Viking  
  194  17:55  Liberator  
  188  18:13  Liberator x2  
  188  18:14  Advanced Ballistics  
  190  18:23  Viking  
  190  18:24  Viking  
  175  18:35  Marine  
  175  18:36  Marine x12  
  175  18:37  Siege Tank x2  
  175  18:39  Viking x2  
  175  18:41  Orbital Command  
  196  18:53  Viking x2  
  199  19:01  Viking  
  196  19:08  Viking  
  196  19:09  Viking  
  200  19:15  Barracks Reactor  
  200  19:22  Viking  
  198  19:32  Viking  
  196  19:45  Orbital Command  
  194  19:51  Viking x2  
  198  19:54  Viking  
  198  19:56  Command Center  
  200  20:03  Viking  
  199  20:20  Marine x2  
  199  20:21  Marine  
Tags
 
Add a new tag
Caveats
  • Supply blocks, unpowered buildings, or Contaminate may cause inaccurate times.
  • Supply counts are checked every 10 seconds.